 Dungeon Crawl Stone Soup version 0.28.0-43-g3370ac3207 (webtiles) character file.

Game seed: 10643031655322756043

193 Woods the Chiller (level 5, 0/28 HPs)
             Began as a Deep Elf Ice Elementalist on Mar 2, 2022.
             Slain by a gnoll
             ... wielding a +0 whip
              (4 damage)
             ... on level 4 of the Dungeon.
             The game lasted 00:06:07 (4908 turns).

Woods the Chiller (Deep Elf Ice Elementalist)       Turns: 4908, Time: 00:06:08

Health: 0/28       AC:  2    Str:  5    XL:     5   Next: 43%
Magic:  12/14      EV: 13    Int: 22    God:
Gold:   141        SH:  0    Dex: 15    Spells: 0/14 levels left

rFire   . . .      SeeInvis .   (no weapon)
rCold   . . .      Faith    .   (no shield)
rNeg    . . .      Spirit   .   a - +0 robe
rPois   .          Reflect  .   i - +0 hat
rElec   .          Harm     .   (no cloak)
rCorr   .          Rampage  .   (no gloves)
Will    .....                   (no boots)
Stlth   ++........              (no amulet)
HPRegen 0.09/turn               (no ring)
MPRegen 0.14/turn               (no ring)

@: no status effects
A: no striking features
a: no special abilities


You were on level 4 of the Dungeon.
You visited 1 branch of the dungeon, and saw 4 of its levels.

You collected 141 gold pieces.

Inventory:

Armour
 a - a +0 robe (worn)
 i - a +0 hat (worn)
Jewellery
 p - a ring of willpower
Scrolls
 d - a scroll of enchant armour {unknown}
 f - a scroll of acquirement {unknown}
 g - a scroll of fog {unknown}
 h - 2 scrolls of teleportation {unknown}
 j - 2 scrolls of blinking {unknown}
 l - 4 scrolls of amnesia {unknown}
 m - a scroll of magic mapping {unknown}
 n - a scroll of vulnerability {unknown}
 o - a scroll of identify {unknown}
Potions
 b - a potion of curing {unknown}
 c - a potion of haste {unknown}
 e - 3 potions of degeneration {unknown}
 k - a potion of might {unknown}


   Skills:
 - Level 3.0 Dodging
 - Level 3.1 Stealth
 + Level 5.3 Spellcasting
 + Level 0.5 Summonings
 + Level 0.6 Necromancy
 + Level 5.8 Ice Magic


You couldn't memorise any spells.
You knew the following spells:

 Your Spells              Type           Power      Damage    Failure   Level
a - Freeze                Ice            100%       1d11      1%          1
b - Frozen Ramparts       Ice            62%        1d8       2%          3
c - Ozocubu's Armour      Ice            31%        N/A       2%          3
d - Summon Guardian Gole  Hex/Summ       7%         N/A       26%         3
e - Dispel Undead         Necr           8%         3d8       58%         4

Your spell library contained the following spells:

 Spells                   Type           Power      Damage    Failure   Level
 Corpse Rot               Necr/Air       14%        N/A       13%         2
 Hailstorm                Conj/Ice       18%        3d6       30%         4
 Death Channel            Necr           4%         N/A       100%        6
 Orb of Destruction       Conj           2%         9d5       100%        7
 Spellforged Servitor     Conj/Summ      3%         N/A       100%        7


Dungeon Overview and Level Annotations

Branches:
Dungeon (4/15)
 Temple: D:4-7

Altars:
Vehumet


Message History

You start resting.
HP restored.
You start resting.
Your icy armour starts to melt.
Magic restored.
Your icy armour cracks and falls away as you move.
There is an open door here.
Things that are here:
a +0 halberd; a +0 spear; a gnoll corpse A gnoll is nearby!
A gnoll is nearby!
The gnoll shouts!
A kobold comes into view. It is wielding a +0 whip.
Aiming: Freeze (safe; 1% risk of failure)
Press: ? - help, Q - select action, (/) - cycle Shift-Dir - straight line, f - gnoll
Aim: a gnoll, wielding a +0 whip You freeze the gnoll!
The gnoll is severely wounded.
The kobold shouts!
The kobold unwields a +0 whip.
The kobold wields a +0 hand crossbow.
The kobold shoots a bolt.
The bolt hits you. The gnoll barely misses you.
Aiming: Freeze (safe; 1% risk of failure)
Press: ? - help, Q - select action, (/) - cycle Shift-Dir - straight line, f/p - gnoll
Aim: a gnoll, wielding a +0 whip (severely wounded)
You freeze the gnoll.
The gnoll is almost dead.
The kobold shoots a bolt.
The bolt hits you! The gnoll barely misses you.
Unknown command.
The kobold shoots a bolt.
The bolt hits you!
* * * LOW HITPOINT WARNING * * *
There is an open door here.
Things that are here:
a +0 halberd; a +0 spear; a gnoll corpse
Aiming: Freeze (safe; 1% risk of failure)
Press: ? - help, Q - select action, (/) - cycle Shift-Dir - straight line, f/p - gnoll
Aim: a gnoll, wielding a +0 whip (almost dead)
You freeze the gnoll.
The gnoll is almost dead.
The gnoll hits you with a +0 whip.
You die...

#########'###.## #.#
#..# #.# ##.## #†#
#..# ######.# ##.#
#......# #.##
#......### #..#
#.....)g.# ##.#
####......#@####.##
#.........#.......#
#.........#####.#.##
#.........# #.#..#
#.........# #.##.##
#.........# #.##..#
....K...#### #.###.#
........# #.#
#.#+###### ......!.#
#.# #.........


You could see a gnoll.

Vanquished Creatures
  6 gnolls
  5 adders
  An adder skeleton (D:4)
  3 worms (D:3)
  A dart slug (D:2)
  An orc (D:4)
  4 endoplasms
  A giant cockroach (D:1)
  15 goblins
  15 hobgoblins
  3 jackals (D:1)
  3 kobolds
  A quokka (D:2)
  2 ball pythons (D:4)
  4 bats
  2 frilled lizards
  9 rats
  A butterfly (D:4)
77 creatures vanquished.

Notes
Turn   | Place    | Note
-------+----------+-------------------------------------------
     0 | D:1      | Woods the Deep Elf Ice Elementalist began the quest for the
                  | Orb.
     0 | D:1      | Reached XP level 1. HP: 10/10 MP: 6/6
   398 | D:1      | Reached XP level 2. HP: 13/15 MP: 5/8
   638 | D:1      | Found a faded altar of an unknown god.
  1410 | D:1      | Reached XP level 3. HP: 19/19 MP: 6/10
  1414 | D:1      | Learned a level 3 spell: Frozen Ramparts
  1418 | D:1      | Learned a level 3 spell: Ozocubu's Armour
  2377 | D:2      | Reached skill level 5 in Ice Magic
  2600 | D:2      | Found a radiant altar of Vehumet.
  2610 | D:2      | Reached XP level 4. HP: 24/24 MP: 9/12
  4130 | D:3      | Reached skill level 5 in Spellcasting
  4132 | D:3      | Reached XP level 5. HP: 28/28 MP: 8/14
  4832 | D:4      | Learned a level 3 spell: Summon Guardian Golem
  4837 | D:4      | Learned a level 4 spell: Dispel Undead
  4908 | D:4      | Slain by a gnoll

Illustrated notes

Levels and vault maps discovered:
D:1:      dpeg_arrival_central, layout_basic, basic_ecumenical_altar,
          chequers_jeans, amethyst_killhole
D:2:      layout_loops_corners, basic_altar
D:3:      cheibrodos_greedy_goblins, layout_basic, st_stairs_10,
          grunt_ministairs_14, chequers_serial_rivers_small_b, fountainhead
D:4:      cheibrodos_quashed, layout_basic, minmay_temple_entry_butterflies,
          gammafunk_ghost_stat_death, serial_park_tiny_pond, uniq_pikel,
          uniq_natasha

Skill      XL: |  1  2  3  4 |
---------------+-------------+-----
Stealth        | 3 |  3.1
Dodging        | 3 |  3.0
Spellcasting   | 4 5 |  5.3
Ice Magic      | 5 |  5.8
Summonings     | |  0.5
Necromancy     | |  0.6

Action                   |  1- 3 |  4- 6 || total
-------------------------+-------+-------++-------
Melee: Unarmed           |       |    16 ||    16
       Punch             |       |     1 ||     1
 Cast: Freeze            |    53 |    47 ||   100
       Frozen Ramparts   |     2 |     8 ||    10
       Ozocubu's Armour  |     1 |     5 ||     6
Armor: Robe              |     3 |     8 ||    11
Dodge: Dodged            |    13 |    30 ||    43
